[ PARTIDA AOE2 · #475291066 ]
UnrankedVietnamitas vs Teutons
[ ANÁLISIS DE REPETICIÓN · EXTRAÍDO DE LA PARTIDA GRABADA ]
Feudal
13:03
Castillos
22:01
Imperial
37:48
| APM promedio | 15.8 |
| APM pico | 49 |
| eAPM promedio | 9.7 |
| Aldeanos / militares | 125 / 134 |
Foco
⚔️ 26.5% · 🌾 73.5%
Trade Cart ×61 · Spearman ×55 · Skirmisher ×48 · Battle Elephant ×31
Feudal
12:12
Castillos
16:14
Imperial
36:04
| APM promedio | 21.7 |
| APM pico | 37 |
| eAPM promedio | 15.5 |
| Aldeanos / militares | 158 / 176 |
Foco
⚔️ 31.3% · 🌾 68.7%
Spearman ×95 · Conquistador ×48 · Trade Cart ×46 · Bombard Cannon ×14 · Hand Cannoneer ×10 · Missionary ×8
Feudal
10:56
Castillos
15:30
Imperial
34:23
| APM promedio | 32.8 |
| APM pico | 53 |
| eAPM promedio | 17.4 |
| Aldeanos / militares | 164 / 303 |
Foco
⚔️ 26.6% · 🌾 73.4%
Spearman ×218 · Scorpion ×56 · Trade Cart ×29 · Bombard Cannon ×19 · Mangonel ×6 · Monk ×4
Feudal
15:45
Castillos
26:21
Imperial
44:50
| APM promedio | 14.5 |
| APM pico | 39 |
| eAPM promedio | 9.3 |
| Aldeanos / militares | 106 / 380 |
Foco
⚔️ 44.0% · 🌾 56.0%
Spearman ×296 · Trade Cart ×39 · Teutonic Knight ×25 · Scorpion ×21 · Scout Cavalry ×18 · Militia ×9
Feudal
10:31
Castillos
14:01
Imperial
28:48
| APM promedio | 37.1 |
| APM pico | 72 |
| eAPM promedio | 20.5 |
| Aldeanos / militares | 212 / 533 |
Foco
⚔️ 32.5% · 🌾 67.5%
Tarkan ×313 · Knight ×205 · Trade Cart ×83 · Trebuchet (Packed) ×9 · Monk ×6
Feudal
11:46
Castillos
15:05
Imperial
30:31
| APM promedio | 36.5 |
| APM pico | 110 |
| eAPM promedio | 24.0 |
| Aldeanos / militares | 218 / 385 |
Foco
⚔️ 36.9% · 🌾 63.1%
War Elephant ×381 · Trade Cart ×32 · Trebuchet (Packed) ×3 · Monk ×1
Feudal
13:01
Castillos
17:19
Imperial
34:26
| APM promedio | 23.2 |
| APM pico | 38 |
| eAPM promedio | 16.9 |
| Aldeanos / militares | 140 / 39 |
Foco
⚔️ 35.3% · 🌾 64.7%
Unknown (1952) ×196 · Unknown (1944) ×106 · Spearman ×38 · Trade Cart ×10 · Unknown (1942) ×4 · Unknown (1949) ×3
Feudal
12:21
Castillos
27:37
Imperial
40:38
| APM promedio | 12.2 |
| APM pico | 28 |
| eAPM promedio | 11.0 |
| Aldeanos / militares | 396 / 85 |
Foco
⚔️ 19.1% · 🌾 80.9%
Trade Cart ×97 · Spearman ×85
Mapa de la partida
Recursos iniciales + cada clic de construcción. Líneas = muros · curvas = relieve. ◆ oro · ⬟ piedra · ● bayas · ✦ reliquia · ◌ hueco del cierre
Tu base· ✓ Cerrada en 22:01 · 0t muro · sin puerta
Base de 魏武王曹操· ✓ Cerrada en 16:14 · 98t muro · 2 puerta(s)
Base de FryCaptain· ✓ Cerrada en 15:30 · 0t muro · sin puerta
Base de Black_Hat00· ✓ Cerrada en 26:21 · 24t muro · sin puerta
Base de bingo123· ✓ Cerrada en 14:01 · 0t muro · sin puerta
Base de Old Man Cam· ✓ Cerrada en 15:05 · 0t muro · sin puerta
Base de faelgadban95· ✓ Cerrada en 17:19 · 24t muro · 2 puerta(s)
Base de BuBu.Ec· ✓ Cerrada en 27:37 · 0t muro · sin puerta
Terreno inicial suavizado · ◌ = hueco del cierre detectado · pasá el cursor para detalles
Inputs por minuto
— Resistance - - 魏武王曹操
Build order — Resistance
Primeras 150 de 318 acciones detectadas
| 0:22 | Construir | House |
| 0:22 | Construir | House |
| 0:23 | Construir | House |
| 0:30 | Crear | Villager (Male) |
| 0:30 | Crear | Villager (Male) |
| 0:30 | Crear | Villager (Male) |
| 0:30 | Crear | Villager (Male) |
| 2:30 | Crear | Villager (Male) |
| 3:27 | Crear | Villager (Male) |
| 3:28 | Crear | Villager (Male) |
| 4:20 | Investigar | Loom |
| 4:21 | Crear | Villager (Male) |
| 4:21 | Crear | Villager (Male) |
| 5:16 | Crear | Villager (Male) |
| 5:37 | Crear | Villager (Male) |
| 5:37 | Crear | Villager (Male) |
| 5:51 | Construir | Mill |
| 6:54 | Crear | Villager (Male) |
| 6:55 | Crear | Villager (Male) |
| 6:55 | Crear | Villager (Male) |
| 6:55 | Crear | Villager (Male) |
| 9:10 | Crear | Villager (Male) |
| 9:20 | Construir | Lumber Camp |
| 9:27 | Construir | House |
| 9:47 | Crear | Villager (Male) |
| 10:21 | Crear | Villager (Male) |
| 10:53 | Investigar | Feudal Age |
| 11:35 | Construir | House |
| 12:36 | Construir | Farm |
| 12:37 | Construir | Farm |
| 12:39 | Construir | Farm |
| 12:45 | Crear | Villager (Male) |
| 12:46 | Crear | Villager (Male) |
| 12:46 | Crear | Villager (Male) |
| 13:03 | Edad | Edad Feudal |
| 13:27 | Construir | Farm |
| 13:30 | Crear | Villager (Male) |
| 13:30 | Crear | Villager (Male) |
| 13:48 | Construir | Mining Camp |
| 14:16 | Crear | Villager (Male) |
| 14:45 | Crear | Villager (Male) |
| 14:45 | Crear | Villager (Male) |
| 14:50 | Construir | Farm |
| 15:41 | Crear | Villager (Male) |
| 16:15 | Construir | Farm |
| 17:06 | Construir | Farm |
| 17:09 | Crear | Villager (Male) |
| 17:40 | Construir | Market |
| 17:52 | Construir | Farm |
| 17:56 | Investigar | Double-Bit Axe |
| 18:45 | Construir | Blacksmith |
| 19:05 | Crear | Villager (Male) |
| 19:13 | Construir | House |
| 19:21 | Investigar | Castle Age |
| 19:24 | Crear | Trade Cart |
| 20:20 | Construir | Farm |
| 20:28 | Construir | House |
| 21:04 | Construir | Barracks |
| 21:05 | Construir | Barracks |
| 21:07 | Construir | Barracks |
| 22:01 | Edad | Edad de los Castillos |
| 22:04 | Crear | Villager (Male) |
| 22:04 | Crear | Villager (Male) |
| 22:04 | Crear | Villager (Male) |
| 22:04 | Crear | Villager (Male) |
| 22:25 | Construir | Town Center |
| 22:39 | Investigar | Bow Saw |
| 22:54 | Investigar | Horse Collar |
| 23:11 | Crear | Villager (Male) |
| 23:11 | Crear | Villager (Male) |
| 23:30 | Construir | Town Center |
| 24:05 | Crear | Villager (Male) |
| 24:11 | Investigar | Heavy Plow |
| 24:16 | Construir | Farm |
| 24:19 | Investigar | Gold Mining |
| 24:21 | Crear | Villager (Male) |
| 24:21 | Crear | Villager (Male) |
| 24:33 | Crear | Villager (Male) ×5 |
| 24:54 | Construir | Archery Range |
| 24:56 | Construir | Archery Range |
| 25:15 | Construir | Mining Camp |
| 25:18 | Crear | Villager (Male) ×5 |
| 25:19 | Crear | Villager (Male) ×5 |
| 25:30 | Construir | Farm |
| 25:34 | Construir | Farm |
| 26:21 | Construir | Farm |
| 26:26 | Construir | Farm |
| 26:31 | Construir | Farm |
| 26:41 | Investigar | Wheelbarrow |
| 26:51 | Construir | Farm |
| 26:52 | Construir | Farm |
| 26:53 | Construir | Farm |
| 27:02 | Investigar | Stone Mining |
| 27:16 | Construir | House |
| 27:19 | Construir | House |
| 27:36 | Construir | House |
| 27:37 | Construir | House |
| 27:38 | Construir | House |
| 27:39 | Construir | House |
| 27:41 | Construir | House |
| 27:42 | Construir | House |
| 27:42 | Construir | House |
| 27:43 | Construir | House |
| 27:46 | Construir | House |
| 27:46 | Construir | House |
| 27:49 | Construir | House |
| 28:05 | Investigar | Elite Skirmisher (upgrade) |
| 28:07 | Crear | Skirmisher |
| 28:08 | Crear | Skirmisher |
| 28:08 | Crear | Skirmisher |
| 28:29 | Construir | Lumber Camp |
| 28:32 | Crear | Villager (Male) |
| 28:33 | Crear | Villager (Male) |
| 28:33 | Crear | Villager (Male) |
| 28:34 | Crear | Villager (Male) |
| 28:34 | Crear | Villager (Male) |
| 28:34 | Crear | Villager (Male) |
| 28:34 | Crear | Villager (Male) |
| 28:43 | Construir | Farm |
| 28:45 | Construir | Farm |
| 28:47 | Construir | Farm |
| 29:04 | Investigar | Hand Cart |
| 29:06 | Crear | Villager (Male) |
| 29:15 | Construir | Farm |
| 29:18 | Construir | Farm |
| 29:19 | Construir | Farm |
| 30:12 | Investigar | Caravan |
| 30:18 | Crear | Villager (Male) ×5 |
| 30:18 | Crear | Villager (Male) ×5 |
| 30:19 | Crear | Villager (Male) |
| 30:20 | Crear | Villager (Male) |
| 30:48 | Construir | Market |
| 30:50 | Construir | Market |
| 30:52 | Construir | Market |
| 31:08 | Construir | Farm |
| 31:09 | Construir | Farm |
| 31:11 | Construir | Farm |
| 31:19 | Construir | Farm |
| 31:25 | Crear | Villager (Male) ×5 |
| 31:26 | Crear | Villager (Male) ×5 |
| 31:26 | Crear | Villager (Male) ×5 |
| 31:26 | Crear | Villager (Male) |
| 31:37 | Construir | Farm |
| 31:38 | Construir | Farm |
| 31:42 | Construir | Farm |
| 32:21 | Construir | Castle |
| 32:27 | Crear | Villager (Male) ×5 |
| 32:27 | Crear | Villager (Male) ×5 |
| 32:37 | Construir | Farm |
| 32:38 | Construir | Farm |
Build order — 魏武王曹操
Primeras 150 de 355 acciones detectadas
| 0:02 | Crear | Villager (Male) |
| 0:04 | Construir | House |
| 0:05 | Construir | House |
| 0:06 | Construir | House |
| 0:17 | Construir | House |
| 0:22 | Crear | Villager (Male) |
| 0:23 | Crear | Villager (Male) ×2 |
| 0:23 | Investigar | Loom |
| 1:29 | Construir | Lumber Camp |
| 1:32 | Crear | Villager (Male) |
| 2:39 | Crear | Villager (Male) ×3 |
| 3:35 | Crear | Villager (Male) ×2 |
| 4:26 | Crear | Villager (Male) |
| 4:51 | Construir | Palisade Wall |
| 4:53 | Construir | Palisade Wall |
| 5:28 | Crear | Villager (Male) ×4 |
| 6:07 | Construir | Palisade Gate |
| 6:48 | Construir | Palisade Gate |
| 7:13 | Crear | Villager (Male) ×5 |
| 7:26 | Construir | Mining Camp |
| 7:45 | Crear | Villager (Male) |
| 8:09 | Construir | Barracks |
| 8:55 | Construir | Mill |
| 9:19 | Crear | Villager (Male) |
| 9:50 | Construir | House |
| 10:02 | Investigar | Feudal Age |
| 10:02 | Investigar | Feudal Age |
| 11:36 | Crear | Villager (Male) ×5 |
| 12:12 | Edad | Edad Feudal |
| 12:13 | Construir | Market |
| 12:23 | Construir | Blacksmith |
| 12:36 | Construir | Gate |
| 12:38 | Construir | Gate |
| 12:47 | Construir | House |
| 13:28 | Construir | Stone Wall |
| 13:34 | Investigar | Castle Age |
| 13:41 | Construir | Mining Camp |
| 13:56 | Construir | House |
| 14:06 | Construir | Stone Wall |
| 14:28 | Investigar | Stone Mining |
| 14:35 | Construir | Farm |
| 14:36 | Construir | Farm |
| 14:50 | Construir | Stone Wall |
| 14:52 | Construir | Stone Wall |
| 14:54 | Construir | Stone Wall |
| 14:57 | Construir | Stone Wall |
| 14:58 | Construir | Stone Wall |
| 15:12 | Construir | Farm |
| 15:14 | Construir | Farm |
| 15:16 | Crear | Villager (Male) |
| 16:14 | Edad | Edad de los Castillos |
| 16:17 | Construir | Farm |
| 16:40 | Construir | Town Center |
| 16:42 | Crear | Villager (Male) |
| 16:44 | Crear | Villager (Male) |
| 17:07 | Crear | Villager (Male) |
| 17:27 | Construir | Farm |
| 17:28 | Construir | Farm |
| 17:40 | Investigar | Horse Collar |
| 17:55 | Crear | Villager (Male) |
| 18:09 | Crear | Villager (Male) ×3 |
| 18:29 | Crear | Villager (Male) |
| 18:52 | Construir | Town Center |
| 18:55 | Crear | Villager (Male) |
| 19:05 | Construir | Farm |
| 19:08 | Crear | Villager (Male) |
| 19:08 | Crear | Villager (Male) |
| 19:24 | Crear | Villager (Male) |
| 19:28 | Construir | Farm |
| 19:28 | Construir | Farm |
| 19:39 | Construir | Farm |
| 19:48 | Construir | Farm |
| 19:49 | Crear | Villager (Male) |
| 19:58 | Construir | Farm |
| 20:07 | Construir | House |
| 20:21 | Crear | Villager (Male) |
| 20:27 | Crear | Villager (Male) |
| 20:33 | Construir | Farm |
| 20:40 | Construir | Farm |
| 20:44 | Construir | Farm |
| 20:46 | Crear | Villager (Male) |
| 20:49 | Construir | House |
| 21:10 | Construir | Town Center |
| 21:14 | Crear | Villager (Male) ×2 |
| 21:14 | Crear | Villager (Male) ×2 |
| 21:36 | Crear | Villager (Male) ×2 |
| 21:48 | Construir | Siege Workshop |
| 21:51 | Crear | Villager (Male) |
| 21:57 | Crear | Villager (Male) |
| 22:01 | Construir | House |
| 22:11 | Crear | Mangonel |
| 22:23 | Construir | Farm |
| 22:25 | Crear | Villager (Male) ×3 |
| 22:30 | Construir | Farm |
| 22:33 | Construir | Farm |
| 22:36 | Crear | Villager (Male) |
| 23:00 | Crear | Villager (Male) ×2 |
| 23:00 | Crear | Villager (Male) ×2 |
| 23:06 | Construir | Farm |
| 23:11 | Crear | Villager (Male) |
| 23:22 | Investigar | Gold Mining |
| 23:27 | Construir | House |
| 23:28 | Construir | House |
| 23:28 | Construir | House |
| 23:44 | Construir | Mill |
| 23:46 | Construir | Farm |
| 23:47 | Construir | Farm |
| 23:48 | Construir | Farm |
| 23:50 | Construir | Farm |
| 23:53 | Construir | Farm |
| 23:55 | Construir | Farm |
| 23:57 | Crear | Villager (Male) ×3 |
| 24:06 | Crear | Villager (Male) |
| 24:11 | Construir | Farm |
| 24:12 | Construir | Farm |
| 24:14 | Crear | Villager (Male) |
| 24:14 | Crear | Villager (Male) |
| 24:24 | Crear | Villager (Male) |
| 24:35 | Crear | Villager (Male) |
| 24:35 | Crear | Villager (Male) |
| 24:38 | Construir | Farm |
| 24:49 | Construir | Castle |
| 24:55 | Construir | Farm |
| 24:57 | Construir | Farm |
| 24:58 | Construir | Farm |
| 25:05 | Crear | Villager (Male) ×4 |
| 25:12 | Construir | House |
| 25:14 | Construir | House |
| 25:14 | Construir | House |
| 25:20 | Crear | Villager (Male) ×3 |
| 25:32 | Crear | Villager (Male) |
| 25:42 | Crear | Villager (Male) ×2 |
| 25:45 | Construir | University |
| 26:03 | Crear | Villager (Male) ×5 |
| 26:22 | Crear | Villager (Male) ×3 |
| 26:36 | Crear | Villager (Male) ×2 |
| 26:41 | Construir | Farm |
| 26:43 | Construir | Farm |
| 26:44 | Construir | Farm |
| 26:56 | Construir | Farm |
| 26:57 | Construir | Farm |
| 26:59 | Construir | Farm |
| 27:04 | Crear | Villager (Male) ×5 |
| 27:10 | Construir | Farm |
| 27:15 | Construir | Farm |
| 27:19 | Crear | Villager (Male) ×3 |
| 27:24 | Construir | House |
| 27:25 | Construir | House |
| 27:26 | Construir | House |
| 27:27 | Construir | House |
Build order — FryCaptain
Primeras 150 de 450 acciones detectadas
| 0:01 | Crear | Villager (Male) |
| 0:01 | Crear | Villager (Male) |
| 0:02 | Crear | Villager (Male) |
| 0:03 | Construir | House |
| 0:05 | Construir | House |
| 0:19 | Crear | Villager (Male) |
| 1:35 | Crear | Villager (Male) |
| 1:48 | Construir | Lumber Camp |
| 2:03 | Crear | Villager (Male) |
| 2:34 | Crear | Villager (Male) |
| 2:34 | Crear | Villager (Male) |
| 3:35 | Construir | House |
| 3:46 | Crear | Villager (Male) |
| 4:03 | Crear | Villager (Male) |
| 4:16 | Crear | Villager (Male) |
| 4:28 | Crear | Villager (Male) |
| 4:59 | Crear | Villager (Male) |
| 5:14 | Construir | House |
| 5:29 | Crear | Villager (Male) |
| 5:44 | Crear | Villager (Male) |
| 6:09 | Crear | Villager (Male) |
| 6:21 | Crear | Villager (Male) |
| 6:26 | Construir | Mill |
| 6:27 | Crear | Villager (Male) |
| 6:43 | Crear | Villager (Male) |
| 7:12 | Crear | Villager (Male) |
| 8:28 | Construir | Lumber Camp |
| 8:30 | Construir | Mining Camp |
| 8:41 | Investigar | Feudal Age |
| 8:42 | Investigar | Feudal Age |
| 9:12 | Construir | House |
| 10:37 | Crear | Villager (Male) |
| 10:37 | Crear | Villager (Male) |
| 10:56 | Edad | Edad Feudal |
| 11:00 | Construir | Market |
| 11:01 | Crear | Villager (Male) |
| 11:05 | Investigar | Double-Bit Axe |
| 11:06 | Investigar | Double-Bit Axe |
| 11:13 | Construir | Blacksmith |
| 11:24 | Construir | Farm |
| 11:27 | Construir | Farm |
| 11:38 | Construir | Farm |
| 11:42 | Construir | Farm |
| 11:54 | Construir | House |
| 12:13 | Crear | Villager (Male) |
| 12:18 | Construir | Farm |
| 12:30 | Construir | Farm |
| 12:50 | Investigar | Castle Age |
| 14:19 | Investigar | Horse Collar |
| 14:23 | Investigar | Gold Mining |
| 14:32 | Construir | Barracks |
| 14:45 | Construir | Mining Camp |
| 15:26 | Crear | Villager (Male) |
| 15:26 | Crear | Villager (Male) |
| 15:30 | Edad | Edad de los Castillos |
| 15:34 | Construir | Town Center |
| 15:42 | Construir | Monastery |
| 15:45 | Crear | Spearman |
| 15:45 | Crear | Spearman |
| 15:49 | Crear | Villager (Male) |
| 15:52 | Construir | House |
| 15:53 | Construir | House |
| 16:01 | Crear | Villager (Male) |
| 16:01 | Crear | Villager (Male) |
| 16:14 | Crear | Monk |
| 16:28 | Crear | Villager (Male) |
| 16:28 | Crear | Villager (Male) |
| 16:44 | Crear | Villager (Male) |
| 16:44 | Crear | Villager (Male) |
| 16:44 | Crear | Villager (Male) |
| 16:56 | Crear | Villager (Male) |
| 17:20 | Crear | Villager (Male) |
| 17:20 | Crear | Villager (Male) |
| 17:25 | Construir | Town Center |
| 17:27 | Crear | Villager (Male) |
| 17:36 | Construir | Farm |
| 17:37 | Construir | Farm |
| 17:42 | Construir | Farm |
| 17:57 | Crear | Monk |
| 18:08 | Crear | Villager (Male) |
| 18:16 | Construir | House |
| 18:17 | Construir | House |
| 18:19 | Construir | House |
| 18:41 | Crear | Villager (Male) |
| 18:41 | Crear | Villager (Male) |
| 18:48 | Construir | Farm |
| 18:50 | Construir | Farm |
| 18:51 | Construir | Farm |
| 18:55 | Construir | Farm |
| 18:59 | Construir | Farm |
| 19:01 | Construir | Farm |
| 19:05 | Crear | Villager (Male) |
| 19:06 | Crear | Villager (Male) |
| 19:09 | Crear | Villager (Male) |
| 19:22 | Crear | Villager (Male) |
| 19:32 | Construir | Farm |
| 19:33 | Construir | Farm |
| 19:35 | Crear | Villager (Male) |
| 19:57 | Crear | Villager (Male) |
| 19:58 | Crear | Villager (Male) |
| 20:03 | Construir | House |
| 20:06 | Crear | Villager (Male) |
| 20:19 | Construir | Town Center |
| 20:20 | Crear | Villager (Male) |
| 20:28 | Crear | Villager (Male) |
| 20:31 | Crear | Villager (Male) |
| 20:40 | Investigar | Bow Saw |
| 20:40 | Investigar | Bow Saw |
| 20:41 | Crear | Villager (Male) |
| 22:03 | Crear | Villager (Male) |
| 22:04 | Crear | Villager (Male) |
| 22:04 | Crear | Villager (Male) |
| 22:05 | Crear | Villager (Male) |
| 22:14 | Construir | Town Center |
| 22:15 | Crear | Villager (Male) |
| 22:15 | Crear | Villager (Male) |
| 22:24 | Construir | Siege Workshop |
| 22:28 | Crear | Villager (Male) |
| 22:28 | Crear | Villager (Male) |
| 22:28 | Crear | Villager (Male) |
| 22:33 | Crear | Monk |
| 22:49 | Crear | Villager (Male) |
| 22:53 | Investigar | Fletching |
| 22:54 | Crear | Villager (Male) |
| 22:54 | Crear | Villager (Male) |
| 23:03 | Construir | Siege Workshop |
| 23:05 | Crear | Scorpion |
| 23:06 | Crear | Scorpion |
| 23:09 | Crear | Villager (Male) |
| 23:09 | Crear | Villager (Male) |
| 23:10 | Crear | Villager (Male) |
| 23:13 | Construir | House |
| 23:14 | Construir | House |
| 23:15 | Construir | House |
| 23:17 | Construir | House |
| 23:18 | Construir | House |
| 23:19 | Construir | House |
| 23:21 | Crear | Villager (Male) |
| 23:25 | Crear | Trade Cart |
| 23:29 | Crear | Villager (Male) |
| 23:40 | Crear | Scorpion |
| 23:41 | Crear | Scorpion |
| 23:50 | Crear | Villager (Male) |
| 23:51 | Crear | Villager (Male) |
| 23:51 | Crear | Villager (Male) |
| 24:06 | Construir | Lumber Camp |
| 24:08 | Crear | Villager (Male) |
| 24:25 | Investigar | Loom |
| 24:30 | Crear | Villager (Male) |
| 24:30 | Crear | Villager (Male) |
Build order — Black_Hat00
Primeras 150 de 325 acciones detectadas
| 0:16 | Construir | House |
| 0:16 | Construir | House |
| 0:18 | Crear | Villager (Male) |
| 0:19 | Investigar | Loom |
| 0:19 | Investigar | Loom |
| 0:21 | Crear | Villager (Male) |
| 0:21 | Crear | Villager (Male) |
| 0:22 | Crear | Villager (Male) |
| 0:22 | Crear | Villager (Male) |
| 3:02 | Crear | Villager (Male) |
| 3:02 | Crear | Villager (Male) |
| 3:03 | Crear | Villager (Male) |
| 3:03 | Crear | Villager (Male) |
| 3:38 | Construir | Palisade Wall |
| 3:53 | Crear | Villager (Male) |
| 3:54 | Crear | Villager (Male) |
| 4:44 | Crear | Villager (Male) |
| 4:45 | Crear | Villager (Male) |
| 4:45 | Crear | Villager (Male) |
| 4:45 | Crear | Villager (Male) |
| 5:22 | Construir | House |
| 5:45 | Construir | House |
| 5:47 | Construir | House |
| 5:51 | Crear | Villager (Male) ×3 |
| 6:52 | Crear | Villager (Male) |
| 6:52 | Crear | Villager (Male) |
| 7:21 | Construir | Mining Camp |
| 7:27 | Crear | Villager (Male) |
| 8:58 | Construir | Barracks |
| 9:41 | Construir | Mill |
| 9:45 | Crear | Villager (Male) ×5 |
| 9:46 | Crear | Villager (Male) ×3 |
| 10:25 | Construir | Mill |
| 10:42 | Construir | Lumber Camp |
| 12:37 | Construir | Farm |
| 12:39 | Construir | Farm |
| 12:42 | Construir | Farm |
| 13:06 | Construir | Farm |
| 13:07 | Construir | Farm |
| 13:08 | Construir | Farm |
| 13:10 | Construir | Farm |
| 13:12 | Construir | Farm |
| 13:13 | Construir | Farm |
| 13:15 | Construir | Farm |
| 13:35 | Investigar | Feudal Age |
| 14:13 | Construir | Palisade Wall |
| 14:42 | Construir | House |
| 14:45 | Construir | House |
| 14:52 | Construir | House |
| 14:55 | Construir | House |
| 15:12 | Construir | Mining Camp |
| 15:17 | Crear | Villager (Male) ×5 |
| 15:32 | Crear | Militia |
| 15:45 | Edad | Edad Feudal |
| 15:48 | Crear | Villager (Male) |
| 16:03 | Crear | Spearman |
| 16:04 | Crear | Spearman |
| 16:29 | Investigar | Double-Bit Axe |
| 16:40 | Crear | Spearman |
| 17:15 | Construir | Stable |
| 17:20 | Investigar | Man-at-Arms (upgrade) |
| 17:30 | Crear | Villager (Male) |
| 17:39 | Construir | Farm |
| 17:40 | Construir | Farm |
| 17:41 | Construir | Farm |
| 17:42 | Construir | Farm |
| 17:42 | Construir | Farm |
| 17:43 | Construir | Farm |
| 17:44 | Construir | Farm |
| 17:58 | Construir | Blacksmith |
| 18:17 | Construir | Market |
| 18:23 | Construir | Lumber Camp |
| 18:27 | Crear | Villager (Male) ×4 |
| 18:55 | Construir | Stone Wall |
| 19:00 | Crear | Militia |
| 19:00 | Crear | Militia |
| 19:37 | Investigar | Bloodlines |
| 19:41 | Crear | Militia |
| 20:07 | Crear | Villager (Male) |
| 20:09 | Crear | Villager (Male) |
| 20:09 | Crear | Villager (Male) |
| 20:56 | Construir | Mill |
| 21:01 | Construir | Farm |
| 21:02 | Construir | Farm |
| 21:03 | Construir | Farm |
| 21:04 | Construir | Farm |
| 21:05 | Construir | Farm |
| 21:09 | Crear | Villager (Male) ×5 |
| 21:17 | Investigar | Horse Collar |
| 21:57 | Construir | Barracks |
| 22:02 | Investigar | Gold Mining |
| 22:27 | Construir | House |
| 22:31 | Construir | House |
| 22:32 | Construir | House |
| 22:37 | Construir | House |
| 22:41 | Construir | House |
| 22:44 | Construir | House |
| 22:47 | Construir | House |
| 22:50 | Construir | House |
| 22:59 | Construir | Farm |
| 23:35 | Investigar | Castle Age |
| 23:53 | Construir | Stable |
| 24:35 | Construir | Watch Tower |
| 24:46 | Crear | Militia |
| 24:46 | Crear | Militia |
| 24:46 | Crear | Militia |
| 25:29 | Construir | Mining Camp |
| 25:46 | Crear | Militia |
| 25:46 | Crear | Militia |
| 26:00 | Crear | Scout Cavalry ×5 |
| 26:01 | Crear | Scout Cavalry ×5 |
| 26:01 | Crear | Scout Cavalry ×4 |
| 26:01 | Crear | Scout Cavalry ×4 |
| 26:19 | Crear | Trade Cart ×5 |
| 26:19 | Crear | Trade Cart ×5 |
| 26:20 | Crear | Trade Cart ×5 |
| 26:20 | Crear | Trade Cart ×5 |
| 26:21 | Edad | Edad de los Castillos |
| 26:30 | Crear | Villager (Male) ×4 |
| 26:30 | Crear | Villager (Male) ×4 |
| 27:37 | Construir | Town Center |
| 27:49 | Construir | Monastery |
| 27:53 | Crear | Villager (Male) ×5 |
| 28:35 | Construir | House |
| 28:37 | Construir | House |
| 28:38 | Construir | House |
| 28:42 | Construir | House |
| 28:47 | Construir | House |
| 28:48 | Construir | House |
| 28:51 | Crear | Monk |
| 28:56 | Investigar | Heavy Plow |
| 29:18 | Crear | Villager (Male) ×5 |
| 30:36 | Construir | University |
| 30:44 | Crear | Villager (Male) ×5 |
| 31:06 | Investigar | Stone Mining |
| 31:20 | Crear | Villager (Male) ×5 |
| 31:35 | Construir | Siege Workshop |
| 31:42 | Investigar | Pikeman (upgrade) |
| 31:44 | Investigar | Gambesons |
| 32:24 | Crear | Spearman ×5 |
| 32:24 | Crear | Spearman ×5 |
| 32:25 | Crear | Spearman ×5 |
| 32:25 | Crear | Spearman ×5 |
| 32:25 | Crear | Spearman ×5 |
| 32:35 | Crear | Scorpion |
| 32:36 | Crear | Scorpion |
| 32:36 | Crear | Scorpion |
| 32:59 | Investigar | Wheelbarrow |
| 33:07 | Investigar | Caravan |
| 33:08 | Crear | Trade Cart |
Build order — bingo123
Primeras 150 de 597 acciones detectadas
| 0:01 | Crear | Villager (Male) |
| 0:02 | Crear | Villager (Male) |
| 0:02 | Crear | Villager (Male) |
| 0:02 | Crear | Villager (Male) |
| 1:21 | Crear | Villager (Male) |
| 1:21 | Crear | Villager (Male) |
| 1:38 | Crear | Villager (Male) |
| 1:38 | Crear | Villager (Male) |
| 1:54 | Construir | Lumber Camp |
| 2:21 | Crear | Villager (Male) |
| 2:21 | Crear | Villager (Male) |
| 2:26 | Crear | Villager (Male) |
| 2:26 | Crear | Villager (Male) |
| 2:56 | Crear | Villager (Male) |
| 2:56 | Crear | Villager (Male) |
| 3:35 | Crear | Villager (Male) |
| 3:36 | Crear | Villager (Male) |
| 4:02 | Crear | Villager (Male) |
| 4:02 | Crear | Villager (Male) |
| 4:06 | Construir | Mill |
| 4:35 | Crear | Villager (Male) |
| 5:13 | Crear | Villager (Male) |
| 5:13 | Crear | Villager (Male) |
| 5:13 | Crear | Villager (Male) |
| 5:31 | Crear | Villager (Male) |
| 5:31 | Crear | Villager (Male) |
| 6:50 | Crear | Villager (Male) |
| 7:09 | Crear | Villager (Male) |
| 7:10 | Crear | Villager (Male) |
| 8:01 | Investigar | Feudal Age |
| 8:06 | Construir | Mining Camp |
| 9:30 | Crear | Villager (Male) |
| 9:30 | Crear | Villager (Male) |
| 10:22 | Construir | Lumber Camp |
| 10:31 | Edad | Edad Feudal |
| 10:32 | Construir | Market |
| 10:34 | Construir | Blacksmith |
| 11:00 | Investigar | Double-Bit Axe |
| 11:01 | Investigar | Double-Bit Axe |
| 11:21 | Investigar | Castle Age |
| 12:00 | Investigar | Horse Collar |
| 12:09 | Construir | Farm |
| 12:10 | Construir | Farm |
| 12:27 | Crear | Villager (Male) |
| 12:49 | Construir | Farm |
| 12:49 | Construir | Farm |
| 12:53 | Construir | Farm |
| 14:01 | Edad | Edad de los Castillos |
| 14:03 | Construir | Town Center |
| 14:06 | Construir | Town Center |
| 14:09 | Investigar | Bow Saw |
| 14:09 | Investigar | Bow Saw |
| 14:16 | Crear | Villager (Male) |
| 14:41 | Construir | Monastery |
| 14:42 | Crear | Villager (Male) |
| 14:45 | Construir | Farm |
| 14:48 | Construir | Farm |
| 14:57 | Crear | Villager (Male) |
| 15:06 | Construir | Farm |
| 15:33 | Crear | Monk |
| 15:36 | Crear | Villager (Male) |
| 15:44 | Crear | Villager (Male) |
| 15:44 | Crear | Villager (Male) |
| 15:47 | Construir | Farm |
| 15:49 | Construir | Farm |
| 15:50 | Construir | Farm |
| 15:55 | Construir | Farm |
| 15:59 | Construir | Farm |
| 16:03 | Crear | Villager (Male) |
| 16:03 | Crear | Villager (Male) |
| 16:07 | Construir | Farm |
| 16:20 | Construir | Farm |
| 16:24 | Crear | Villager (Male) |
| 16:24 | Crear | Villager (Male) |
| 16:28 | Construir | Farm |
| 16:29 | Construir | Farm |
| 16:44 | Crear | Villager (Male) |
| 16:44 | Crear | Villager (Male) |
| 16:44 | Crear | Villager (Male) |
| 16:49 | Construir | Farm |
| 16:51 | Construir | Farm |
| 16:52 | Construir | Farm |
| 16:59 | Crear | Villager (Male) |
| 17:00 | Crear | Villager (Male) |
| 17:00 | Crear | Villager (Male) |
| 17:25 | Crear | Villager (Male) |
| 17:25 | Crear | Villager (Male) |
| 17:25 | Crear | Villager (Male) |
| 17:29 | Construir | Farm |
| 17:32 | Construir | Farm |
| 17:38 | Crear | Villager (Male) |
| 17:38 | Crear | Villager (Male) |
| 17:46 | Construir | Farm |
| 17:49 | Crear | Villager (Male) |
| 17:49 | Crear | Villager (Male) |
| 17:49 | Crear | Villager (Male) |
| 18:04 | Crear | Villager (Male) |
| 18:04 | Crear | Villager (Male) |
| 18:12 | Crear | Villager (Male) |
| 18:12 | Crear | Villager (Male) |
| 18:13 | Crear | Villager (Male) |
| 18:21 | Construir | Town Center |
| 18:23 | Crear | Villager (Male) |
| 18:23 | Crear | Villager (Male) |
| 18:27 | Construir | Farm |
| 18:46 | Investigar | Wheelbarrow |
| 18:46 | Investigar | Wheelbarrow |
| 18:48 | Crear | Villager (Male) |
| 18:58 | Crear | Monk |
| 18:58 | Crear | Monk |
| 19:00 | Crear | Villager (Male) |
| 19:00 | Crear | Villager (Male) |
| 19:06 | Construir | Farm |
| 19:07 | Construir | Farm |
| 19:10 | Construir | Farm |
| 19:10 | Construir | Farm |
| 19:12 | Crear | Villager (Male) |
| 19:13 | Crear | Villager (Male) |
| 19:24 | Crear | Villager (Male) |
| 19:24 | Crear | Villager (Male) |
| 19:25 | Crear | Villager (Male) |
| 19:35 | Construir | Farm |
| 19:36 | Construir | Farm |
| 20:00 | Crear | Villager (Male) |
| 20:00 | Crear | Villager (Male) |
| 20:01 | Crear | Villager (Male) |
| 20:01 | Crear | Villager (Male) |
| 20:01 | Crear | Villager (Male) |
| 20:15 | Construir | Town Center |
| 20:17 | Crear | Villager (Male) |
| 20:17 | Crear | Villager (Male) |
| 20:18 | Crear | Villager (Male) |
| 20:42 | Crear | Villager (Male) |
| 20:42 | Crear | Villager (Male) |
| 20:42 | Crear | Villager (Male) |
| 20:46 | Crear | Monk |
| 21:05 | Investigar | Hand Cart |
| 21:06 | Crear | Villager (Male) |
| 21:06 | Crear | Villager (Male) |
| 21:18 | Crear | Villager (Male) |
| 21:18 | Crear | Villager (Male) |
| 21:19 | Crear | Villager (Male) |
| 21:44 | Crear | Villager (Male) |
| 21:44 | Crear | Villager (Male) |
| 21:45 | Crear | Villager (Male) |
| 21:45 | Crear | Villager (Male) |
| 21:45 | Crear | Villager (Male) |
| 21:50 | Crear | Villager (Male) |
| 21:50 | Crear | Villager (Male) |
| 21:54 | Construir | Lumber Camp |
Build order — Old Man Cam
Primeras 150 de 699 acciones detectadas
| 0:03 | Crear | Villager (Male) |
| 0:03 | Crear | Villager (Male) |
| 0:04 | Construir | House |
| 0:06 | Construir | House |
| 0:15 | Crear | Villager (Male) |
| 0:30 | Crear | Villager (Male) |
| 0:30 | Crear | Villager (Male) |
| 1:24 | Crear | Villager (Male) |
| 1:25 | Crear | Villager (Male) |
| 1:43 | Construir | Lumber Camp |
| 2:02 | Crear | Villager (Male) |
| 2:02 | Crear | Villager (Male) |
| 2:12 | Crear | Villager (Male) |
| 3:07 | Crear | Villager (Male) |
| 3:08 | Crear | Villager (Male) |
| 3:20 | Construir | Mill |
| 3:23 | Crear | Villager (Male) |
| 3:50 | Crear | Villager (Male) |
| 4:27 | Construir | House |
| 4:30 | Investigar | Loom |
| 4:52 | Crear | Villager (Male) |
| 5:02 | Crear | Villager (Male) |
| 5:20 | Crear | Villager (Male) |
| 5:33 | Crear | Villager (Male) |
| 5:59 | Construir | House |
| 6:16 | Crear | Villager (Male) |
| 6:22 | Crear | Villager (Male) |
| 6:58 | Crear | Villager (Male) |
| 7:27 | Crear | Villager (Male) |
| 7:55 | Crear | Villager (Male) |
| 8:20 | Crear | Villager (Male) |
| 8:31 | Crear | Villager (Male) |
| 8:33 | Construir | House |
| 8:34 | Construir | House |
| 9:04 | Construir | Lumber Camp |
| 9:10 | Crear | Villager (Male) |
| 9:10 | Investigar | Feudal Age |
| 9:45 | Construir | Mining Camp |
| 10:18 | Crear | Villager (Male) |
| 10:18 | Crear | Villager (Male) |
| 11:46 | Edad | Edad Feudal |
| 11:49 | Construir | Market |
| 11:53 | Construir | Blacksmith |
| 12:06 | Investigar | Horse Collar |
| 12:10 | Investigar | Double-Bit Axe |
| 12:24 | Construir | Lumber Camp |
| 12:39 | Investigar | Castle Age |
| 12:40 | Investigar | Castle Age |
| 13:02 | Construir | Farm |
| 13:25 | Construir | Farm |
| 13:32 | Crear | Villager (Male) |
| 13:55 | Construir | Farm |
| 13:58 | Construir | Farm |
| 14:00 | Construir | Farm |
| 14:16 | Construir | Farm |
| 14:32 | Construir | Farm |
| 15:01 | Crear | Villager (Male) |
| 15:05 | Edad | Edad de los Castillos |
| 15:10 | Construir | Town Center |
| 15:25 | Construir | Town Center |
| 15:35 | Construir | Farm |
| 15:36 | Construir | Farm |
| 15:41 | Construir | Farm |
| 15:44 | Crear | Villager (Male) |
| 15:58 | Construir | Farm |
| 16:02 | Crear | Villager (Male) |
| 16:08 | Construir | House |
| 16:09 | Construir | House |
| 16:19 | Crear | Villager (Male) |
| 16:36 | Construir | Farm |
| 16:37 | Crear | Villager (Male) |
| 16:39 | Crear | Villager (Male) |
| 16:44 | Construir | Farm |
| 16:51 | Crear | Villager (Male) |
| 16:52 | Crear | Villager (Male) |
| 16:53 | Crear | Villager (Male) |
| 16:55 | Crear | Villager (Male) |
| 16:57 | Construir | Farm |
| 16:59 | Crear | Villager (Male) |
| 17:00 | Crear | Villager (Male) |
| 17:06 | Construir | Farm |
| 17:10 | Construir | House |
| 17:11 | Construir | House |
| 17:12 | Construir | House |
| 17:16 | Crear | Villager (Male) |
| 17:19 | Construir | Farm |
| 17:26 | Construir | Farm |
| 17:31 | Crear | Villager (Male) |
| 17:34 | Crear | Villager (Male) |
| 17:40 | Crear | Villager (Male) |
| 17:43 | Construir | Farm |
| 17:48 | Crear | Villager (Male) |
| 17:48 | Crear | Villager (Male) |
| 17:57 | Crear | Villager (Male) |
| 17:58 | Crear | Villager (Male) |
| 18:13 | Construir | Farm |
| 18:15 | Crear | Villager (Male) |
| 18:16 | Crear | Villager (Male) |
| 18:29 | Construir | Town Center |
| 18:39 | Crear | Villager (Male) |
| 18:43 | Construir | Farm |
| 18:44 | Construir | House |
| 18:49 | Construir | House |
| 18:50 | Construir | House |
| 18:51 | Construir | House |
| 18:57 | Construir | House |
| 18:58 | Construir | House |
| 18:59 | Construir | House |
| 19:02 | Crear | Villager (Male) |
| 19:04 | Crear | Villager (Male) |
| 19:05 | Crear | Villager (Male) |
| 19:07 | Construir | Farm |
| 19:11 | Construir | Farm |
| 19:14 | Construir | Farm |
| 19:19 | Construir | Farm |
| 19:21 | Construir | Farm |
| 19:24 | Crear | Villager (Male) |
| 19:24 | Crear | Villager (Male) |
| 19:24 | Crear | Villager (Male) |
| 19:24 | Crear | Villager (Male) |
| 19:24 | Crear | Villager (Male) |
| 19:27 | Construir | House |
| 19:43 | Crear | Villager (Male) |
| 19:44 | Crear | Villager (Male) |
| 19:44 | Crear | Villager (Male) |
| 19:44 | Crear | Villager (Male) |
| 19:50 | Construir | Farm |
| 19:56 | Construir | Farm |
| 19:57 | Crear | Villager (Male) |
| 20:01 | Crear | Villager (Male) |
| 20:02 | Crear | Villager (Male) |
| 20:02 | Crear | Villager (Male) |
| 20:02 | Crear | Villager (Male) |
| 20:08 | Construir | Farm |
| 20:17 | Construir | Farm |
| 20:19 | Construir | Farm |
| 20:25 | Construir | Farm |
| 20:28 | Crear | Villager (Male) |
| 20:31 | Construir | Farm |
| 20:33 | Crear | Villager (Male) |
| 20:42 | Construir | Farm |
| 20:43 | Crear | Villager (Male) |
| 20:44 | Crear | Villager (Male) |
| 20:46 | Construir | Farm |
| 20:54 | Crear | Villager (Male) |
| 20:54 | Crear | Villager (Male) |
| 20:54 | Crear | Villager (Male) |
| 20:55 | Crear | Villager (Male) |
| 20:55 | Crear | Villager (Male) |
| 20:55 | Crear | Villager (Male) |
Build order — faelgadban95
Primeras 150 de 476 acciones detectadas
| 0:02 | Crear | Villager (Male) |
| 0:03 | Crear | Villager (Male) |
| 0:04 | Construir | House |
| 0:05 | Construir | House |
| 0:09 | Crear | Villager (Male) |
| 0:09 | Crear | Villager (Male) |
| 0:32 | Investigar | Loom |
| 0:40 | Crear | Villager (Male) |
| 0:43 | Crear | Villager (Male) |
| 0:43 | Crear | Villager (Male) |
| 0:44 | Crear | Villager (Male) |
| 1:56 | Crear | Villager (Male) |
| 2:43 | Construir | Palisade Wall |
| 2:49 | Crear | Villager (Male) |
| 2:49 | Crear | Villager (Male) |
| 2:49 | Crear | Villager (Male) |
| 3:03 | Construir | Palisade Wall |
| 3:19 | Construir | Palisade Wall |
| 3:24 | Crear | Villager (Male) |
| 3:24 | Crear | Villager (Male) |
| 3:25 | Crear | Villager (Male) |
| 3:33 | Construir | Palisade Gate |
| 3:45 | Crear | Villager (Male) |
| 3:45 | Crear | Villager (Male) |
| 3:45 | Crear | Villager (Male) |
| 4:02 | Crear | Villager (Male) |
| 4:35 | Crear | Villager (Male) |
| 5:06 | Construir | House |
| 5:08 | Construir | House |
| 5:30 | Crear | Villager (Male) |
| 5:30 | Crear | Villager (Male) |
| 5:31 | Crear | Villager (Male) |
| 5:50 | Crear | Villager (Male) |
| 5:50 | Crear | Villager (Male) |
| 6:05 | Crear | Villager (Male) |
| 6:16 | Construir | Lumber Camp |
| 7:03 | Crear | Villager (Male) |
| 7:03 | Crear | Villager (Male) |
| 7:04 | Crear | Villager (Male) |
| 7:23 | Crear | Villager (Male) |
| 7:56 | Crear | Villager (Male) |
| 7:56 | Crear | Villager (Male) |
| 7:57 | Crear | Villager (Male) |
| 8:36 | Crear | Villager (Male) |
| 8:42 | Construir | Lumber Camp |
| 9:01 | Crear | Villager (Male) |
| 9:34 | Construir | Mill |
| 9:39 | Crear | Villager (Male) |
| 10:05 | Construir | Mining Camp |
| 10:26 | Crear | Villager (Male) |
| 10:50 | Investigar | Feudal Age |
| 10:51 | Investigar | Feudal Age |
| 11:03 | Construir | House |
| 12:09 | Crear | Villager (Male) |
| 12:09 | Crear | Villager (Male) |
| 13:01 | Edad | Edad Feudal |
| 13:04 | Construir | Blacksmith |
| 13:07 | Construir | Market |
| 13:19 | Crear | Villager (Male) |
| 13:53 | Construir | Gate |
| 14:05 | Construir | Stone Wall |
| 14:32 | Construir | Lumber Camp |
| 14:39 | Investigar | Castle Age |
| 14:40 | Investigar | Castle Age |
| 14:40 | Investigar | Castle Age |
| 14:40 | Investigar | Castle Age |
| 14:49 | Construir | Barracks |
| 15:46 | Construir | Archery Range |
| 15:57 | Construir | House |
| 16:04 | Investigar | Double-Bit Axe |
| 16:11 | Investigar | Horse Collar |
| 16:12 | Investigar | Horse Collar |
| 16:42 | Construir | Archery Range |
| 16:51 | Construir | Farm |
| 16:51 | Construir | Farm |
| 16:51 | Construir | Farm |
| 16:51 | Construir | Farm |
| 16:51 | Construir | Farm |
| 16:52 | Construir | Farm |
| 16:59 | Crear | Villager (Male) |
| 16:59 | Crear | Villager (Male) |
| 17:08 | Construir | Farm |
| 17:19 | Edad | Edad de los Castillos |
| 17:25 | Crear | Unit 1952 |
| 17:25 | Crear | Unit 1952 |
| 17:38 | Construir | House |
| 17:39 | Crear | Unit 1952 |
| 17:46 | Crear | Villager (Male) |
| 17:46 | Crear | Villager (Male) |
| 17:46 | Crear | Villager (Male) |
| 17:48 | Construir | Farm |
| 18:01 | Crear | Unit 1952 |
| 18:12 | Crear | Villager (Male) |
| 18:12 | Crear | Villager (Male) |
| 18:13 | Construir | Farm |
| 18:18 | Construir | House |
| 18:19 | Crear | Unit 1952 |
| 18:24 | Crear | Unit 1952 |
| 18:37 | Crear | Villager (Male) |
| 18:39 | Construir | Farm |
| 18:46 | Construir | House |
| 19:00 | Crear | Unit 1952 |
| 19:00 | Crear | Unit 1952 |
| 19:00 | Crear | Unit 1952 |
| 19:03 | Crear | Villager (Male) |
| 19:05 | Construir | Farm |
| 19:20 | Construir | House |
| 19:22 | Crear | Unit 1952 |
| 19:23 | Crear | Unit 1952 |
| 19:35 | Construir | Farm |
| 19:36 | Crear | Villager (Male) |
| 19:40 | Crear | Villager (Male) |
| 19:58 | Investigar | Fletching |
| 19:58 | Investigar | Fletching |
| 20:04 | Construir | Farm |
| 20:10 | Construir | House |
| 20:11 | Crear | Unit 1952 |
| 20:11 | Crear | Unit 1952 |
| 20:12 | Crear | Unit 1952 |
| 20:17 | Crear | Villager (Male) |
| 20:46 | Crear | Villager (Male) |
| 20:47 | Construir | Farm |
| 20:52 | Construir | Town Center |
| 21:46 | Crear | Villager (Male) |
| 21:46 | Crear | Villager (Male) |
| 21:47 | Construir | Farm |
| 22:09 | Crear | Villager (Male) |
| 22:14 | Construir | Farm |
| 22:17 | Construir | House |
| 22:47 | Construir | Town Center |
| 22:50 | Crear | Villager (Male) |
| 22:53 | Construir | Farm |
| 23:00 | Construir | Market |
| 23:08 | Construir | Market |
| 23:12 | Investigar | Bow Saw |
| 23:13 | Crear | Villager (Male) |
| 23:17 | Construir | Farm |
| 23:19 | Construir | House |
| 23:46 | Crear | Villager (Male) |
| 23:47 | Crear | Villager (Male) |
| 23:50 | Crear | Villager (Male) |
| 23:52 | Construir | Farm |
| 23:54 | Construir | Farm |
| 24:03 | Construir | Monastery |
| 24:14 | Crear | Villager (Male) |
| 24:18 | Construir | Farm |
| 24:21 | Construir | Farm |
| 24:24 | Crear | Villager (Male) |
| 24:25 | Crear | Villager (Male) |
| 24:26 | Crear | Villager (Male) |
Build order — BuBu.Ec
Primeras 150 de 401 acciones detectadas
| 0:10 | Investigar | Loom |
| 0:11 | Crear | Villager (Male) ×4 |
| 0:11 | Crear | Villager (Male) ×4 |
| 0:11 | Crear | Villager (Male) ×4 |
| 0:15 | Construir | House |
| 0:17 | Construir | House |
| 0:18 | Construir | House |
| 0:19 | Construir | House |
| 1:55 | Crear | Villager (Male) |
| 1:56 | Crear | Villager (Male) |
| 1:56 | Crear | Villager (Male) |
| 2:27 | Crear | Villager (Male) |
| 3:05 | Crear | Villager (Male) |
| 3:05 | Crear | Villager (Male) |
| 3:06 | Crear | Villager (Male) |
| 3:32 | Crear | Villager (Male) |
| 3:32 | Crear | Villager (Male) |
| 3:33 | Crear | Villager (Male) |
| 3:48 | Crear | Villager (Male) |
| 3:48 | Crear | Villager (Male) |
| 3:48 | Crear | Villager (Male) |
| 4:03 | Crear | Villager (Male) |
| 4:03 | Crear | Villager (Male) |
| 4:04 | Crear | Villager (Male) |
| 4:31 | Crear | Villager (Male) |
| 4:31 | Crear | Villager (Male) |
| 4:32 | Crear | Villager (Male) |
| 4:52 | Construir | Mill |
| 5:00 | Crear | Villager (Male) |
| 5:24 | Crear | Villager (Male) |
| 5:24 | Crear | Villager (Male) |
| 5:24 | Crear | Villager (Male) |
| 5:44 | Crear | Villager (Male) |
| 6:01 | Crear | Villager (Male) |
| 6:02 | Crear | Villager (Male) |
| 6:02 | Crear | Villager (Male) |
| 6:17 | Crear | Villager (Male) |
| 6:18 | Crear | Villager (Male) |
| 6:18 | Crear | Villager (Male) |
| 7:49 | Crear | Villager (Male) |
| 7:49 | Crear | Villager (Male) |
| 7:49 | Crear | Villager (Male) |
| 7:50 | Crear | Villager (Male) |
| 7:50 | Crear | Villager (Male) |
| 8:35 | Crear | Villager (Male) |
| 8:35 | Crear | Villager (Male) |
| 8:36 | Crear | Villager (Male) |
| 8:36 | Crear | Villager (Male) |
| 8:36 | Crear | Villager (Male) |
| 9:12 | Construir | Lumber Camp |
| 9:33 | Construir | House |
| 9:34 | Construir | House |
| 9:35 | Construir | House |
| 9:36 | Construir | House |
| 10:11 | Investigar | Feudal Age |
| 10:22 | Crear | Villager (Male) ×2 |
| 10:22 | Crear | Villager (Male) ×2 |
| 10:22 | Crear | Villager (Male) ×2 |
| 10:22 | Crear | Villager (Male) |
| 11:08 | Construir | Mill |
| 11:26 | Investigar | Wheelbarrow |
| 11:26 | Crear | Villager (Male) ×5 |
| 11:27 | Crear | Villager (Male) ×5 |
| 11:27 | Crear | Villager (Male) ×5 |
| 11:27 | Crear | Villager (Male) |
| 12:21 | Edad | Edad Feudal |
| 12:53 | Construir | Mining Camp |
| 12:59 | Investigar | Town Watch |
| 13:00 | Crear | Villager (Male) ×3 |
| 13:00 | Crear | Villager (Male) ×3 |
| 13:00 | Crear | Villager (Male) ×3 |
| 13:15 | Construir | Mining Camp |
| 13:29 | Crear | Villager (Male) ×3 |
| 13:29 | Crear | Villager (Male) ×3 |
| 13:29 | Crear | Villager (Male) ×3 |
| 14:50 | Construir | Farm |
| 14:51 | Construir | Farm |
| 14:52 | Construir | Farm |
| 14:53 | Construir | Farm |
| 14:54 | Construir | Farm |
| 14:56 | Construir | Farm |
| 14:59 | Construir | Farm |
| 15:02 | Construir | Farm |
| 15:03 | Construir | Farm |
| 15:05 | Construir | Farm |
| 15:20 | Construir | Farm |
| 15:22 | Construir | Farm |
| 15:23 | Construir | Farm |
| 15:26 | Construir | Farm |
| 15:55 | Construir | Farm |
| 16:02 | Construir | Farm |
| 16:33 | Construir | Farm |
| 16:47 | Construir | Farm |
| 17:13 | Construir | Farm |
| 17:18 | Crear | Villager (Male) ×5 |
| 17:18 | Crear | Villager (Male) ×5 |
| 17:18 | Crear | Villager (Male) ×5 |
| 17:18 | Crear | Villager (Male) ×2 |
| 17:51 | Crear | Villager (Male) |
| 17:52 | Crear | Villager (Male) |
| 17:52 | Crear | Villager (Male) |
| 17:52 | Crear | Villager (Male) |
| 18:36 | Investigar | Hand Cart |
| 18:37 | Crear | Villager (Male) |
| 18:37 | Crear | Villager (Male) |
| 18:37 | Crear | Villager (Male) |
| 18:51 | Investigar | Horse Collar |
| 19:13 | Investigar | Double-Bit Axe |
| 19:39 | Construir | Lumber Camp |
| 19:53 | Investigar | Bow Saw |
| 20:05 | Investigar | Heavy Plow |
| 20:16 | Crear | Villager (Male) |
| 20:16 | Crear | Villager (Male) |
| 20:16 | Crear | Villager (Male) |
| 20:16 | Crear | Villager (Male) |
| 20:17 | Crear | Villager (Male) |
| 20:17 | Crear | Villager (Male) |
| 20:32 | Construir | Farm |
| 20:52 | Construir | House |
| 20:53 | Construir | House |
| 20:55 | Construir | House |
| 20:56 | Construir | House |
| 21:00 | Construir | House |
| 21:07 | Construir | House |
| 21:07 | Construir | House |
| 21:09 | Construir | House |
| 21:10 | Construir | House |
| 21:26 | Crear | Villager (Male) ×2 |
| 21:26 | Crear | Villager (Male) ×2 |
| 21:26 | Crear | Villager (Male) ×2 |
| 21:35 | Investigar | Stone Mining |
| 21:39 | Investigar | Gold Mining |
| 21:53 | Construir | Market |
| 22:06 | Construir | Blacksmith |
| 23:00 | Crear | Villager (Male) ×4 |
| 23:00 | Crear | Villager (Male) ×4 |
| 23:00 | Crear | Villager (Male) ×4 |
| 23:36 | Crear | Trade Cart ×5 |
| 23:37 | Crear | Trade Cart ×5 |
| 23:37 | Crear | Trade Cart ×5 |
| 23:37 | Crear | Trade Cart ×2 |
| 23:37 | Crear | Trade Cart ×2 |
| 24:07 | Construir | Lumber Camp |
| 24:18 | Investigar | Castle Age |
| 24:53 | Crear | Villager (Male) ×5 |
| 24:53 | Crear | Villager (Male) ×5 |
| 24:53 | Crear | Villager (Male) ×5 |
| 24:53 | Crear | Villager (Male) ×5 |
| 24:53 | Crear | Villager (Male) ×3 |
| 25:28 | Investigar | Caravan |
Cronología de la partida
| 2:43 | faelgadban95 · wall_segment Palisade Wall x1 |
| 3:03 | faelgadban95 · wall_segment Palisade Wall x8 |
| 3:19 | faelgadban95 · wall_segment Palisade Wall x21 |
| 3:38 | Black_Hat00 · wall_segment Palisade Wall x10 |
| 4:51 | 魏武王曹操 · wall_segment Palisade Wall x23 |
| 4:53 | 魏武王曹操 · wall_segment Palisade Wall x17 |
| 8:09 | 魏武王曹操 · first_building Barracks |
| 8:58 | Black_Hat00 · first_building Barracks |
| 10:31 | bingo123 · age_up feudal |
| 10:56 | FryCaptain · age_up feudal |
| 11:46 | Old Man Cam · age_up feudal |
| 12:12 | 魏武王曹操 · age_up feudal |
| 12:21 | BuBu.Ec · age_up feudal |
| 12:42 | FryCaptain · first_market_sell 100 food |
| 12:45 | FryCaptain · first_market_buy 100 food |
| 13:01 | faelgadban95 · age_up feudal |
| 13:03 | Resistance · age_up feudal |
| 13:28 | 魏武王曹操 · wall_segment Stone Wall x22 |
| 14:01 | bingo123 · age_up castle |
| 14:05 | faelgadban95 · wall_segment Stone Wall x1 |
| 14:06 | 魏武王曹操 · wall_segment Stone Wall x5 |
| 14:13 | Black_Hat00 · wall_segment Palisade Wall x7 |
| 14:32 | FryCaptain · first_building Barracks |
| 14:41 | bingo123 · first_building Monastery |
| 14:49 | faelgadban95 · first_building Barracks |
| 14:50 | 魏武王曹操 · wall_segment Stone Wall x4 |
| 14:52 | 魏武王曹操 · wall_segment Stone Wall x3 |
| 14:54 | 魏武王曹操 · wall_segment Stone Wall x4 |
| 14:57 | 魏武王曹操 · wall_segment Stone Wall x3 |
| 14:58 | 魏武王曹操 · wall_segment Stone Wall x23 |
| 15:05 | Old Man Cam · age_up castle |
| 15:30 | FryCaptain · age_up castle |
| 15:42 | FryCaptain · first_building Monastery |
| 15:45 | Black_Hat00 · age_up feudal |
| 15:46 | faelgadban95 · first_building Archery Range |
| 16:14 | 魏武王曹操 · age_up castle |
| 17:15 | Black_Hat00 · first_building Stable |
| 17:19 | faelgadban95 · age_up castle |
| 18:12 | Old Man Cam · first_market_buy 100 stone |
| 18:55 | Black_Hat00 · wall_segment Stone Wall x8 |
| 21:04 | Resistance · first_building Barracks |
| 21:48 | 魏武王曹操 · first_building Siege Workshop |
| 21:59 | faelgadban95 · first_market_buy 100 stone |
| 22:01 | Resistance · age_up castle |
| 22:24 | FryCaptain · first_building Siege Workshop |
| 23:33 | Black_Hat00 · first_market_buy 100 food |
| 24:03 | faelgadban95 · first_building Monastery |
| 24:18 | bingo123 · first_building Castle |
| 24:44 | Old Man Cam · first_building Castle |
| 24:49 | 魏武王曹操 · first_building Castle |
| 24:54 | Resistance · first_building Archery Range |
| 25:35 | bingo123 · first_building Barracks |
| 26:18 | Old Man Cam · first_building Monastery |
| 26:21 | Black_Hat00 · age_up castle |
| 26:22 | Old Man Cam · first_building Barracks |
| 26:28 | bingo123 · first_building Stable |
| 27:08 | FryCaptain · first_building Castle |
| 27:37 | BuBu.Ec · age_up castle |
| 27:49 | Black_Hat00 · first_building Monastery |
| 28:16 | Old Man Cam · first_building Stable |
| 28:48 | bingo123 · age_up imperial |
| 29:32 | faelgadban95 · first_building Castle |
| 30:31 | Old Man Cam · age_up imperial |
| 30:31 | faelgadban95 · first_market_sell 100 food |
| 31:35 | Black_Hat00 · first_building Siege Workshop |
| 32:00 | bingo123 · first_market_sell 100 wood |
| 32:21 | Resistance · first_building Castle |
| 34:09 | 魏武王曹操 · first_building Archery Range |
| 34:15 | Resistance · first_building Stable |
| 34:23 | FryCaptain · age_up imperial |
| 34:26 | faelgadban95 · age_up imperial |
| 34:48 | faelgadban95 · first_building Siege Workshop |
| 34:51 | BuBu.Ec · first_building Monastery |
| 36:04 | 魏武王曹操 · age_up imperial |
| 37:01 | 魏武王曹操 · first_building Monastery |
| 37:48 | Resistance · age_up imperial |
| 38:00 | BuBu.Ec · first_building Castle |
| 40:38 | BuBu.Ec · age_up imperial |
| 40:57 | Black_Hat00 · first_building Castle |
| 42:06 | Old Man Cam · first_market_sell 500 wood |
| 43:10 | Black_Hat00 · wall_segment Stone Wall x8 |
| 44:12 | BuBu.Ec · first_building Barracks |
| 44:50 | Black_Hat00 · age_up imperial |
| 45:07 | faelgadban95 · first_building Stable |
| 47:25 | Old Man Cam · resign |
| 47:45 | 魏武王曹操 · first_market_buy 100 stone |
| 48:58 | BuBu.Ec · first_building Stable |
| 52:30 | BuBu.Ec · first_market_buy 100 stone |
[ ANÁLISIS IA · 1 CRÉDITO ]
¿Qué pasó realmente en esta partida?
Wolo.gg analiza cada decisión: build order, eco, micro, errores típicos por bracket. Análisis personalizado por WhatsApp o Discord en 30 segundos.
Guía civ
Vietnamitas
Perfil
Resistance